[Event "Titled Tuesday Blitz August 08 Late 2023"]
[White "alfianasybullina"]
[Black "Slovineanu, Viacheslav"]
[BlackFideId "13900510"]
[WhiteElo "2255"]
[BlackElo "2407"]
[Result "0-1"]
[Round "3"]
[TimeControl "180+1"]
[Date "2023.08.08"]
[WhiteClock "0:00:56"]
[BlackClock "0:00:54"]
[Board "169"]

1. Nf3 d6 2. g3 e5 3. e4 f5 4. d3 Nf6 5. Nc3 Be7 6. Bg2 Nc6 7. O-O O-O 8. Bg5 h6 9. Bxf6 Bxf6 10. Nd5 Kh7 11. c3 Ne7 12. c4 c6 13. Nxe7 Qxe7 14. Nd2 Qf7 15. Bh3 Bd8 16. exf5 Bxf5 17. Bxf5+ Qxf5 18. Qe2 Bb6 19. Rae1 Bd4 20. b4 a5 21. b5 a4 22. Qe4 Kh8 23. bxc6 bxc6 24. Qxf5 Rxf5 25. Ne4 d5 26. cxd5 cxd5 27. Nd6 Rf6 28. Nb5 Bb2 29. Re2 a3 30. Rfe1 Ra5 31. Nc7 Rc6 32. Ne8 Ra8 0-1


[Site "https://www.chess.com"]

[Event "Titled Tuesday Blitz August 08 Late 2023"]
[White "Hng, Mei-En Emmanuelle"]
[Black "Bueno, Alfeu Junior Varela"]
[WhiteFideId "5804566"]
[BlackFideId "2108879"]
[WhiteElo "2251"]
[BlackElo "2406"]
[Result "0-1"]
[Round "3"]
[TimeControl "180+1"]
[Date "2023.08.08"]
[WhiteClock "0:01:13"]
[BlackClock "0:01:14"]
[Board "170"]

1. e4 e6 2. d4 d5 3. Nc3 Nf6 4. Bg5 Be7 5. e5 Nfd7 6. h4 O-O 7. Qg4 Kh8 8. Nf3 c5 9. O-O-O Nc6 10. dxc5 Ndxe5 11. Nxe5 Nxe5 12. Qf4 f6 13. Qg3 Nc6 14. Be3 d4 15. Ne2 e5 16. c3 Bxc5 17. cxd4 Nxd4 18. Nxd4 exd4 19. Bf4 Bf5 20. Bd3 Bxd3 21. Rxd3 Qd5 22. Kb1 Rfe8 23. Rhd1 Re2 24. Be3 Qc4 25. Ka1 Qxd3 0-1


[Site "https://www.chess.com"]

[Event "Titled Tuesday Blitz August 08 Late 2023"]
[White "Ozalp, Burak"]
[Black "Kohler, Aran"]
[WhiteFideId "6314210"]
[BlackFideId "1002856"]
[WhiteElo "2405"]
[BlackElo "2244"]
[Result "0-1"]
[Round "3"]
[TimeControl "180+1"]
[Date "2023.08.08"]
[WhiteClock "0:00:02"]
[BlackClock "0:00:26"]
[Board "171"]

1. Nf3 Nf6 2. c4 d6 3. d4 Bf5 4. g3 Nbd7 5. Bg2 c6 6. O-O h6 7. Nfd2 e5 8. e4 Bh7 9. d5 Qc7 10. Nc3 Be7 11. Qe2 cxd5 12. cxd5 a6 13. Rd1 O-O 14. Qc4 Qxc4 15. Nxc4 Rac8 16. Ne3 b5 17. a3 Nc5 18. f3 Nb3 19. Rb1 Bd8 20. Bh3 Rb8 21. Kf2 Bb6 22. Ke2 Nd4+ 23. Kf2 a5 24. Bd2 b4 25. Na4 Ba7 26. axb4 axb4 27. Rdc1 Nb3 28. Rc2 Nxe4+ 29. fxe4 Bxe4 30. Rc7 Nxd2 31. Rd1 Ra8 32. Rxd2 Bd4 33. b3 f5 34. Rxd4 exd4 35. Nc2 d3 36. Nxb4 Rab8 37. Rc4 g5 38. Bf1 d2 39. Ke2 f4 40. g4 f3+ 41. Kxd2 Bg6 42. Nc3 Rfe8 43. Bd3 Bxd3 44. Nxd3 Rxb3 45. Nd1 Ra3 46. Ne3 Ra2+ 47. Kc3 Rxe3 48. Kd4 Ree2 49. Rc7 f2 50. Nxf2 Rxf2 0-1


[Site "https://www.chess.com"]

[Event "Titled Tuesday Blitz August 08 Late 2023"]
[White "Rabiega, Robert"]
[Black "riospm"]
[WhiteFideId "4601475"]
[WhiteElo "2237"]
[BlackElo "2405"]
[Result "1-0"]
[Round "3"]
[TimeControl "180+1"]
[Date "2023.08.08"]
[WhiteClock "0:00:17"]
[BlackClock "0:00:03"]
[Board "172"]

1. e4 c5 2. c3 g6 3. d4 Bg7 4. Nf3 cxd4 5. cxd4 d5 6. e5 Bg4 7. Nc3 Bxf3 8. Qxf3 e6 9. Be2 a6 10. O-O Nc6 11. Be3 Nge7 12. g4 h5 13. h3 hxg4 14. hxg4 Rc8 15. Rac1 b5 16. a3 Qb6 17. Rfd1 Na5 18. Bg5 Nc4 19. Rc2 Rc6 20. Bf6 Bxf6 21. Qxf6 Rh7 22. Bd3 Ng8 23. Qf4 Qd8 24. Ne2 Qh4 25. Ng3 Ne7 26. Kf1 Qh6 27. Qxh6 Rxh6 28. Ke2 Kd7 29. Ra1 Rh8 30. a4 Rhc8 31. axb5 axb5 32. Ra7+ R6c7 33. Rxc7+ Rxc7 34. b3 Nc6 35. bxc4 bxc4 36. Ke3 cxd3 37. Rb2 Ra7 38. Rb3 Ra2 39. Rxd3 Na5 40. Ne2 Nc4+ 41. Kf3 Nd2+ 42. Ke3 Ne4 43. f3 Ng5 44. Rb3 Ke7 45. Rb7+ Kf8 46. Rb3 Kg7 47. f4 Nh7 48. f5 Nf8 49. fxe6 Nxe6 50. Nf4 Nxf4 51. Kxf4 Ra4 52. Ke3 Ra5 53. Rb6 g5 54. Rd6 Kh7 55. e6 Kg7 56. e7 Ra8 57. Rd8 Ra3+ 58. Ke2 1-0


[Site "https://www.chess.com"]

[Event "Titled Tuesday Blitz August 08 Late 2023"]
[White "Fernandez Hernandez, Gerardo"]
[Black "Herman, Daniel"]
[WhiteFideId "2207400"]
[BlackFideId "30935008"]
[WhiteElo "2231"]
[BlackElo "2400"]
[Result "0-1"]
[Round "3"]
[TimeControl "180+1"]
[Date "2023.08.08"]
[WhiteClock "0:00:00"]
[BlackClock "0:00:28"]
[Board "173"]

1. e4 e6 2. d4 d5 3. Bd3 dxe4 4. Bxe4 Nc6 5. Ne2 Nf6 6. Bf3 Bd6 7. O-O e5 8. Bxc6+ bxc6 9. dxe5 Bxe5 10. Qxd8+ Kxd8 11. Nbc3 Bf5 12. Rd1+ Kc8 13. Nd4 Bxd4 14. Rxd4 Bxc2 15. Bg5 Re8 16. Bxf6 gxf6 17. Rc1 Rb8 18. b3 Bg6 19. f3 Rb6 20. Na4 Ra6 21. Nc5 Rxa2 22. Nd7 Ree2 23. Nxf6 Rxg2+ 24. Kf1 Rxh2 25. Kg1 Rag2+ 26. Kf1 Ra2 27. Kg1 Rhb2 28. b4 Kb7 29. Nd7 Rb1 30. Nc5+ Kb6 31. Rxb1 Bxb1 32. Nb3 Bg6 33. Na5 c5 34. Nc4+ Kb5 35. bxc5 Kxc5 36. Rf4 a5 37. Ne3 a4 38. Rc4+ Kb5 39. Rc3 a3 0-1


[Site "https://www.chess.com"]

[Event "Titled Tuesday Blitz August 08 Late 2023"]
[White "Muhammad Shahzeb"]
[Black "Schut, Han"]
[WhiteFideId "7804806"]
[BlackFideId "1005561"]
[WhiteElo "2398"]
[BlackElo "2221"]
[Result "1-0"]
[Round "3"]
[TimeControl "180+1"]
[Date "2023.08.08"]
[WhiteClock "0:00:09"]
[BlackClock "0:00:48"]
[Board "174"]

1. e4 c5 2. Nc3 Nc6 3. f4 g6 4. Nf3 Bg7 5. Bb5 Nd4 6. Bc4 e6 7. d3 Ne7 8. Nxd4 cxd4 9. Ne2 d5 10. Bb3 dxe4 11. dxe4 Nc6 12. O-O O-O 13. Ng3 Na5 14. Ba4 a6 15. f5 exf5 16. exf5 b5 17. Bb3 Bb7 18. fxg6 hxg6 19. Qg4 Nxb3 20. axb3 Qd5 21. Ne2 Rae8 22. Nf4 Qc6 23. Bd2 Re4 24. Bb4 Rfe8 25. Rf2 Re1+ 26. Rxe1 Rxe1+ 27. Bxe1 d3 28. Nxd3 Qe6 29. Qxe6 fxe6 30. Bc3 Bh6 31. Re2 Kf7 32. Be5 Ke7 33. Bf4 Bg7 34. Bg5+ Kd7 35. Nc5+ Kc6 36. Nxb7 Kxb7 37. Rxe6 1-0


[Site "https://www.chess.com"]

[Event "Titled Tuesday Blitz August 08 Late 2023"]
[White "Biliy, Vadim"]
[Black "Mazurkiewicz, Michal"]
[WhiteFideId "14114127"]
[BlackFideId "1124943"]
[WhiteElo "2219"]
[BlackElo "2398"]
[Result "0-1"]
[Round "3"]
[TimeControl "180+1"]
[Date "2023.08.08"]
[WhiteClock "0:00:00"]
[BlackClock "0:00:18"]
[Board "175"]

1. d4 Nf6 2. Nf3 g6 3. e3 Bg7 4. Be2 O-O 5. O-O d6 6. b4 Nbd7 7. c3 e5 8. dxe5 dxe5 9. Nbd2 Re8 10. e4 Qe7 11. Bc4 c5 12. a3 a6 13. Bb2 b5 14. Bb3 c4 15. Bc2 Bb7 16. a4 Nf8 17. Qe2 Qc7 18. Ra2 Ne6 19. g3 Bh6 20. Rfa1 Rad8 21. Bc1 Nd4 22. cxd4 exd4 23. axb5 d3 24. Bxd3 cxd3 25. Qe1 Nxe4 26. Nxe4 Rxe4 27. Qd1 Bg7 28. bxa6 Ba8 29. Rb1 Qc6 30. b5 Re1+ 31. Qxe1 Qxf3 0-1


[Site "https://www.chess.com"]

[Event "Titled Tuesday Blitz August 08 Late 2023"]
[White "Romero Ruscalleda, Josep"]
[Black "Araujo Filho, Luiz Antonio Coel"]
[WhiteFideId "2231859"]
[BlackFideId "2130661"]
[WhiteElo "2390"]
[BlackElo "2214"]
[Result "1-0"]
[Round "3"]
[TimeControl "180+1"]
[Date "2023.08.08"]
[WhiteClock "0:01:11"]
[BlackClock "0:00:08"]
[Board "176"]

1. e4 c6 2. Nc3 d5 3. Nf3 dxe4 4. Nxe4 Nf6 5. Qe2 Nxe4 6. Qxe4 Be6 7. c4 Nd7 8. Bd3 Nf6 9. Qe2 Bg4 10. Bc2 e6 11. h3 Bh5 12. g4 Bg6 13. d4 Be7 14. Bf4 Qb6 15. O-O-O O-O-O 16. Bxg6 hxg6 17. Be5 Bd6 18. Bxd6 Rxd6 19. c5 Qa5 20. cxd6 Qxa2 21. Ne5 Nd5 22. Qc4 Qa5 23. d7+ Kc7 24. Nxf7 Nb4 25. Kb1 1-0


[Site "https://www.chess.com"]

[Event "Titled Tuesday Blitz August 08 Late 2023"]
[White "Thiel, Thomas"]
[Black "Zenin, Dmitry"]
[WhiteFideId "4615964"]
[BlackFideId "4127897"]
[WhiteElo "2202"]
[BlackElo "2386"]
[Result "0-1"]
[Round "3"]
[TimeControl "180+1"]
[Date "2023.08.08"]
[WhiteClock "0:00:17"]
[BlackClock "0:00:15"]
[Board "177"]

1. e4 e5 2. Nf3 Nc6 3. d4 exd4 4. Nxd4 Qh4 5. Nc3 Bb4 6. Be2 Qxe4 7. Nb5 Bxc3+ 8. bxc3 Kd8 9. O-O Nf6 10. Bf3 Qa4 11. Nd4 Nxd4 12. cxd4 d5 13. Bg5 Be6 14. Rb1 Kc8 15. Bxf6 gxf6 16. c4 Qxd1 17. Rfxd1 Rd8 18. c5 c6 19. Rb3 Kc7 20. Rdb1 Rdb8 21. Be2 b6 22. Ba6 bxc5 23. Rb7+ Rxb7 24. Rxb7+ Kd8 25. dxc5 Ke8 26. Rc7 Bd7 27. h3 Rb8 28. Rxa7 Rb1+ 29. Kh2 Rb2 30. a4 Rxf2 31. a5 Ra2 32. Bb7 d4 33. Ra8+ Ke7 34. Ra7 Ke6 35. Ra6 Kd5 36. Ra7 Be6 37. Ba6 Kxc5 38. Bd3 Ra3 39. Bxh7 d3 40. Ra8 d2 41. Bc2 Ra2 42. Bd1 Ra1 43. a6 Rxd1 44. a7 Ra1 0-1


[Site "https://www.chess.com"]

[Event "Titled Tuesday Blitz August 08 Late 2023"]
[White "Gajwa Ankit"]
[Black "Clawitter, Craig"]
[WhiteFideId "5077834"]
[BlackFideId "2023105"]
[WhiteElo "2381"]
[BlackElo "2194"]
[Result "1-0"]
[Round "3"]
[TimeControl "180+1"]
[Date "2023.08.08"]
[WhiteClock "0:01:59"]
[BlackClock "0:01:28"]
[Board "178"]

1. e4 e6 2. d4 d5 3. Nc3 Bb4 4. e5 c5 5. a3 Bxc3+ 6. bxc3 Ne7 7. Qg4 Qc7 8. Bd3 c4 9. Bf1 Qa5 10. Bd2 Nf5 11. Qf4 Qa4 12. g4 Ne7 13. Kd1 Nbc6 14. Ne2 Bd7 15. Bg2 f6 16. exf6 O-O 17. g5 gxf6 18. gxf6 Ng6 19. Qg5 Rf7 20. Nf4 Raf8 21. Nxg6 hxg6 22. Qxg6+ Kh8 23. Qh6+ Kg8 24. Be4 dxe4 25. Rg1+ Rg7 26. Rxg7# 1-0


[Site "https://www.chess.com"]

[Event "Titled Tuesday Blitz August 08 Late 2023"]
[White "Petersson, Kjell"]
[Black "Korpics, Zsolt"]
[WhiteFideId "1705148"]
[BlackFideId "705241"]
[WhiteElo "2193"]
[BlackElo "2380"]
[Result "1-0"]
[Round "3"]
[TimeControl "180+1"]
[Date "2023.08.08"]
[WhiteClock "0:00:47"]
[BlackClock "0:00:00"]
[Board "179"]

1. d4 Nf6 2. Bf4 d5 3. e3 c5 4. c3 Nc6 5. Nd2 Bf5 6. Qb3 Qd7 7. Ngf3 e6 8. Bb5 a6 9. Ne5 Qc8 10. Bxc6+ bxc6 11. Qa4 Nd7 12. Qxc6 Qxc6 13. Nxc6 Bd3 14. Nb3 Rc8 15. Nba5 Bb5 16. Na7 Ra8 17. Nxb5 axb5 18. Nb3 c4 19. Nd2 Be7 20. O-O O-O 21. a3 f5 22. Nf3 Nb6 23. Ne5 Na4 24. Rab1 g5 25. Nc6 Bf6 26. Be5 Kf7 27. Bxf6 Kxf6 28. Ne5 Ra7 29. h3 Nb6 30. f4 h6 31. Rf2 Rg8 32. fxg5+ hxg5 33. Rbf1 Ke7 34. g4 Kd6 35. gxf5 Rh8 36. Kg2 1-0


[Site "https://www.chess.com"]

[Event "Titled Tuesday Blitz August 08 Late 2023"]
[White "kiwibobo"]
[Black "Fernandez Bustamante, Leancy B."]
[BlackFideId "3523870"]
[WhiteElo "2377"]
[BlackElo "2190"]
[Result "1-0"]
[Round "3"]
[TimeControl "180+1"]
[Date "2023.08.08"]
[WhiteClock "0:01:10"]
[BlackClock "0:00:05"]
[Board "180"]

1. e4 c5 2. Nf3 a6 3. c4 Nc6 4. d4 cxd4 5. Nxd4 Nxd4 6. Qxd4 d6 7. Nc3 Nf6 8. Be2 g6 9. O-O Bg7 10. Qd3 O-O 11. Be3 Be6 12. h3 Qa5 13. Nd5 Bxd5 14. cxd5 Nd7 15. Bd4 Rac8 16. Bxg7 Kxg7 17. Qd4+ Kg8 18. a3 b5 19. Rac1 Qb6 20. Qxb6 Nxb6 21. b3 Rxc1 22. Rxc1 Rc8 23. Rxc8+ Nxc8 24. f4 Nb6 25. Kf2 Nd7 26. Ke3 Nc5 27. b4 Na4 28. Kd4 Kg7 29. e5 h6 30. g4 Nb6 31. Bd3 g5 32. f5 dxe5+ 33. Kxe5 Nc8 34. Kd4 Kf6 35. Kc5 Ke5 36. Kc6 Nd6 37. Kb6 Nc4+ 38. Kxa6 Nxa3 39. Bxb5 Kxd5 40. Be8 f6 41. b5 Nxb5 42. Kxb5 e5 43. fxe6 Kxe6 44. Bg6 Ke5 45. Kc4 Kf4 46. Kd4 Kg3 47. Ke4 Kxh3 48. Bh5 Kh4 49. Kf5 1-0


[Site "https://www.chess.com"]

[Event "Titled Tuesday Blitz August 08 Late 2023"]
[White "Lopez Perdomo, Juan David"]
[Black "Eggleston, Thomas A"]
[WhiteFideId "4405137"]
[BlackFideId "412139"]
[WhiteElo "2189"]
[BlackElo "2374"]
[Result "0-1"]
[Round "3"]
[TimeControl "180+1"]
[Date "2023.08.08"]
[WhiteClock "0:00:00"]
[BlackClock "0:00:23"]
[Board "181"]

1. d4 e6 2. e3 f5 3. c4 Nf6 4. Nc3 Bb4 5. Bd2 O-O 6. Bd3 b6 7. Nge2 Bb7 8. O-O Ne4 9. Nxe4 fxe4 10. Bxb4 c5 11. Ba3 exd3 12. Qxd3 Qg5 13. Ng3 Nc6 14. f4 Qe7 15. dxc5 bxc5 16. Ne4 Nb4 17. Bxb4 cxb4 18. b3 d5 19. Ng5 g6 20. c5 a5 21. Rac1 Ba6 22. Qd4 Bxf1 23. Rxf1 Rac8 24. Rc1 Rc6 25. e4 Rfc8 26. exd5 Rxc5 27. Rxc5 Qxc5 28. Qxc5 Rxc5 29. d6 Rd5 30. Ne4 Kf8 31. Kf2 e5 32. fxe5 Rxe5 33. Ke3 Ke8 34. Kd4 Rf5 35. h4 h5 36. g3 Kd7 37. Ke3 Ke6 0-1


[Site "https://www.chess.com"]

[Event "Titled Tuesday Blitz August 08 Late 2023"]
[White "Francisco_Ferrari"]
[Black "Ventura Bolet, Maxim"]
[BlackFideId "22238824"]
[WhiteElo "2177"]
[BlackElo "2373"]
[Result "0-1"]
[Round "3"]
[TimeControl "180+1"]
[Date "2023.08.08"]
[WhiteClock "0:00:02"]
[BlackClock "0:01:12"]
[Board "182"]

1. e4 Nf6 2. e5 Nd5 3. c4 Nb6 4. d4 d6 5. f4 g6 6. Nf3 Bg7 7. Nc3 O-O 8. Be2 Be6 9. b3 dxe5 10. fxe5 c5 11. d5 Bg4 12. Bf4 N6d7 13. O-O Bxf3 14. Bxf3 Nxe5 15. Be2 Nxc4 16. Bxc4 Bxc3 17. d6 e6 18. Bh6 Bg7 19. Bxg7 Kxg7 20. Qf3 Nc6 21. Rad1 Rb8 22. Qg3 Nd4 23. Qe5+ f6 24. Qxc5 e5 25. Rxd4 exd4 26. Qxd4 Qb6 27. Qxb6 axb6 28. Re1 Rfe8 29. Rd1 Rbd8 30. Bb5 Re5 31. d7 Rxb5 0-1


[Site "https://www.chess.com"]

[Event "Titled Tuesday Blitz August 08 Late 2023"]
[White "Beulen, Marcel"]
[Black "campochess"]
[WhiteFideId "1001450"]
[WhiteElo "2368"]
[BlackElo "2170"]
[Result "1-0"]
[Round "3"]
[TimeControl "180+1"]
[Date "2023.08.08"]
[WhiteClock "0:00:11"]
[BlackClock "0:00:12"]
[Board "183"]

1. e4 c5 2. Nf3 Nc6 3. Bb5 e5 4. O-O d6 5. c3 Bd7 6. d4 cxd4 7. cxd4 exd4 8. Nxd4 Nf6 9. Nc3 Be7 10. Be2 O-O 11. Bf4 a6 12. Re1 Rc8 13. Bf1 Ne5 14. Rc1 Qb6 15. b3 Qa5 16. Qd2 Nfg4 17. h3 Nf6 18. Nd5 Qd8 19. Nxe7+ Qxe7 20. Bg5 Ng6 21. f3 Rxc1 22. Rxc1 Rc8 23. Rxc8+ Bxc8 24. Qc3 Be6 25. Bd2 h6 26. Nxe6 fxe6 27. Be3 Ne5 28. Bd4 Nc6 29. Bf2 d5 30. exd5 Nxd5 31. Qd2 Qf6 32. a4 Nf4 33. Be3 e5 34. Bc4+ Kh8 35. Kh2 Nd4 36. Qf2 Nf5 37. Bb6 Nd4 38. a5 Nfe6 39. Qg3 Qf4 40. Qxf4 Nxf4 41. Bc7 Ng6 42. Bd3 Nf4 43. Be4 Nfe2 44. Bxb7 Nxb3 45. Bxa6 Ned4 46. Bc4 Nc5 47. Bxe5 Nc6 48. Bc7 g5 49. a6 Nxa6 50. Bxa6 Kg7 51. Bb7 Ne7 52. Be5+ Kf7 53. f4 Ke6 54. Bb8 Kf5 55. fxg5 hxg5 56. Bc8+ Kg6 57. Bd7 Nd5 58. Ba4 Nf6 59. Bc2+ Kg7 60. Be5 Kf7 61. Bxf6 Kxf6 62. Kg3 Kg7 63. Kg4 Kh6 64. g3 1-0


[Site "https://www.chess.com"]

[Event "Titled Tuesday Blitz August 08 Late 2023"]
[White "Necromon"]
[Black "Osmonbekov, Talaibek"]
[BlackFideId "2017253"]
[WhiteElo "2367"]
[BlackElo "2170"]
[Result "1-0"]
[Round "3"]
[TimeControl "180+1"]
[Date "2023.08.08"]
[WhiteClock "0:00:54"]
[BlackClock "0:00:00"]
[Board "184"]

1. Nf3 f5 2. c4 Nf6 3. Nc3 e6 4. d4 Bb4 5. Qb3 a5 6. a3 a4 7. Qc2 Bxc3+ 8. Qxc3 O-O 9. Bg5 h6 10. Bd2 d6 11. e3 Nc6 12. Bd3 Ne4 13. Qc2 Nxd2 14. Nxd2 e5 15. dxe5 dxe5 16. c5 Qg5 17. g3 f4 18. exf4 exf4 19. O-O-O fxg3 20. fxg3 Kh8 21. Rhf1 Bg4 22. Rde1 Nd4 23. Qc3 Nb3+ 24. Kc2 Nxc5 25. Rxf8+ Rxf8 26. Re5 Nxd3 27. Rxg5 Ne1+ 28. Kc1 hxg5 29. Qe3 Nf3 30. Nxf3 Bxf3 31. Qxg5 Bc6 32. Qh4+ Kg8 33. Qd4 Rf1+ 34. Kd2 Rh1 35. h4 Rh2+ 36. Kc3 Rg2 37. Qe5 Kh8 38. Qxc7 Kh7 39. Qe5 Kh6 40. h5 Kh7 41. Qg5 Kh8 42. h6 gxh6 43. Qxh6+ Kg8 44. g4 1-0


[Site "https://www.chess.com"]

[Event "Titled Tuesday Blitz August 08 Late 2023"]
[White "Adel, Sara"]
[Black "Silva, Kaua Marques"]
[WhiteFideId "10616764"]
[BlackFideId "22701168"]
[WhiteElo "2142"]
[BlackElo "2366"]
[Result "1-0"]
[Round "3"]
[TimeControl "180+1"]
[Date "2023.08.08"]
[WhiteClock "0:00:45"]
[BlackClock "0:00:00"]
[Board "185"]

1. e4 e6 2. d4 d5 3. Nd2 c5 4. Ngf3 Nc6 5. Bb5 cxd4 6. Nxd4 Bd7 7. Bxc6 bxc6 8. exd5 exd5 9. O-O Bd6 10. Re1+ Ne7 11. Qh5 O-O 12. N2f3 Ng6 13. Bg5 Qb6 14. c3 Rfe8 15. Nh4 Nxh4 16. Bxh4 Qxb2 17. Nf5 Bxf5 18. Qxf5 Qxc3 19. f3 Qd4+ 20. Bf2 Qf4 21. Qh3 Qf6 22. Qd7 Red8 23. Qb7 Rac8 24. Rac1 c5 25. Qxa7 d4 26. Re4 Re8 27. Rce1 Rxe4 28. Rxe4 g6 29. Qd7 Qf5 30. Qxd6 Kg7 31. Bg3 h5 32. Be5+ Kg8 33. Bf6 Rf8 34. Re5 Qb1+ 35. Kf2 Qxa2+ 36. Kg3 Qd2 37. Rd5 Qe1+ 38. Kh3 Qe3 39. Rxh5 gxh5 40. Qg3+ 1-0


[Site "https://www.chess.com"]

[Event "Titled Tuesday Blitz August 08 Late 2023"]
[White "Guevara Sanchez, Erick Marvin"]
[Black "K2JW"]
[WhiteFideId "6700136"]
[WhiteElo "2113"]
[BlackElo "2361"]
[Result "0-1"]
[Round "3"]
[TimeControl "180+1"]
[Date "2023.08.08"]
[WhiteClock "0:00:13"]
[BlackClock "0:00:36"]
[Board "186"]

1. e4 c6 2. d4 d5 3. exd5 cxd5 4. c4 Nf6 5. Nc3 Nc6 6. Nf3 Bg4 7. cxd5 Nxd5 8. Be2 e6 9. h3 Bh5 10. O-O Bd6 11. Re1 O-O 12. Ne4 Bc7 13. Ng3 Bxg3 14. fxg3 Nde7 15. g4 Bg6 16. Be3 Nb4 17. Ne5 Nc2 18. Nxg6 Nxe3 19. Qd3 hxg6 20. Qxe3 Qb6 21. Rab1 Rfd8 22. Bf3 Rxd4 23. Bxb7 Rad8 24. Bf3 Qa5 25. a3 Rd3 26. Qe5 Qb6+ 27. Kh1 Rd2 28. Qc3 R8d3 29. Qb4 Qf2 30. Rf1 Qg3 31. Qb8+ Qxb8 32. b4 Qg3 33. b5 Rxf3 34. Rxf3 Qxg2# 0-1


[Site "https://www.chess.com"]

[Event "Titled Tuesday Blitz August 08 Late 2023"]
[White "Kostiukov, Alexandr"]
[Black "Semenova, Alina"]
[WhiteFideId "14108100"]
[BlackFideId "24113875"]
[WhiteElo "2360"]
[BlackElo "2105"]
[Result "1-0"]
[Round "3"]
[TimeControl "180+1"]
[Date "2023.08.08"]
[WhiteClock "0:00:04"]
[BlackClock "0:00:00"]
[Board "187"]

1. g3 Nf6 2. Bg2 g6 3. c4 Bg7 4. Nf3 d6 5. O-O O-O 6. d4 Nc6 7. Nc3 e5 8. d5 Nb4 9. Qb3 a5 10. a3 Na6 11. Qc2 Nc5 12. Be3 Bf5 13. Qd1 Nfe4 14. Nxe4 Bxe4 15. b4 axb4 16. axb4 Rxa1 17. Qxa1 Bxf3 18. exf3 Nd3 19. Qc3 e4 20. Qb3 Qf6 21. fxe4 Ne5 22. h3 Nf3+ 23. Kh1 Ng5 24. c5 Re8 25. Bxg5 Qxg5 26. c6 bxc6 27. dxc6 Be5 28. b5 Re7 29. b6 cxb6 30. Qxb6 1-0


[Site "https://www.chess.com"]

[Event "Titled Tuesday Blitz August 08 Late 2023"]
[White "Maluco_do_Natal_00"]
[Black "Polaczek, Richard"]
[BlackFideId "200026"]
[WhiteElo "2073"]
[BlackElo "2360"]
[Result "0-1"]
[Round "3"]
[TimeControl "180+1"]
[Date "2023.08.08"]
[WhiteClock "0:00:00"]
[BlackClock "0:00:11"]
[Board "188"]

1. e4 Nf6 2. e5 Nd5 3. c4 Nb6 4. d4 d6 5. exd6 cxd6 6. Bd3 g6 7. Nc3 Bg7 8. Be3 O-O 9. Nge2 d5 10. c5 N6d7 11. f4 Nc6 12. O-O Nxc5 13. dxc5 d4 14. Bd2 dxc3 15. Bxc3 Bxc3 16. Nxc3 Qd4+ 17. Kh1 Qxc5 18. f5 Bxf5 19. Bxf5 gxf5 20. Qh5 Nd4 21. Rf4 Qe5 22. Raf1 Rad8 23. Rh4 Qg7 24. Rh3 Rd6 25. Re1 Rg6 26. Nd5 e6 27. Ne7+ Kh8 28. Nxg6+ fxg6 29. Qh4 e5 30. Rc3 e4 31. Qf4 Nc6 32. Rd1 Qe7 33. a3 Re8 34. b4 a6 35. Qe3 Qe5 36. Rc5 Qf6 37. Rcd5 Ne5 38. Qd4 Ng4 39. Qxf6+ Nxf6 40. Rd6 Kg7 41. Kg1 Re7 42. Kf1 f4 43. h3 g5 44. Ke2 h5 45. Rd8 g4 46. hxg4 hxg4 47. Rh1 f3+ 48. gxf3 exf3+ 49. Kf1 Ne4 50. Rhh8 Ng3+ 51. Kf2 Ne4+ 52. Kf1 g3 53. Rhg8+ Kh6 54. Rh8+ Kg5 55. Rdg8+ Kf4 0-1


[Site "https://www.chess.com"]

[Event "Titled Tuesday Blitz August 08 Late 2023"]
[White "Ortmann, David"]
[Black "Nikulina, Alena"]
[WhiteFideId "4651588"]
[BlackFideId "4172051"]
[WhiteElo "2359"]
[BlackElo "2072"]
[Result "1-0"]
[Round "3"]
[TimeControl "180+1"]
[Date "2023.08.08"]
[WhiteClock "0:00:03"]
[BlackClock "0:00:00"]
[Board "189"]

1. Nf3 d5 2. d4 Nf6 3. c4 dxc4 4. e3 a6 5. Bxc4 e6 6. O-O b5 7. Bb3 Nbd7 8. Qe2 c5 9. a4 b4 10. Nbd2 Bb7 11. Nc4 cxd4 12. exd4 Be7 13. Bf4 O-O 14. Nd6 Bd5 15. Bxd5 Nxd5 16. Bg3 N7f6 17. Nc4 h6 18. Nfe5 Rc8 19. Rac1 Nb6 20. Rfd1 Nfd5 21. Na5 Nxa4 22. Nac6 Qb6 23. Nd7 Qb7 24. Nxe7+ Nxe7 25. Nxf8 Rxf8 26. Bd6 Re8 27. Bxe7 Rxe7 28. Rd2 a5 29. Qc4 Nb6 30. Qc6 Qb8 31. Qb5 Ra7 32. Rc6 Rb7 33. Rdc2 Kh7 34. Qd3+ g6 35. h4 Nd5 36. h5 Nf4 37. hxg6+ fxg6 38. Qe4 Rf7 39. Rc8 Qd6 40. Qa8 g5 41. Rh8+ Kg6 42. Qe8 Qxd4 43. Rg8+ Kf6 44. Rf8 Qd1+ 45. Kh2 Qh5+ 46. Kg1 Qd1+ 47. Kh2 Qh5+ 48. Kg3 Qd1 49. Rxf7+ Kg6 50. Rxf4+ 1-0


[Site "https://www.chess.com"]

[Event "Titled Tuesday Blitz August 08 Late 2023"]
[White "Andrews, Todd"]
[Black "Bongo Akanga Ndjila, Barthelemy"]
[WhiteFideId "2012456"]
[BlackFideId "10609431"]
[WhiteElo "2357"]
[BlackElo "2045"]
[Result "1-0"]
[Round "3"]
[TimeControl "180+1"]
[Date "2023.08.08"]
[WhiteClock "0:01:39"]
[BlackClock "0:01:47"]
[Board "190"]

1. e4 e6 2. c4 d5 3. exd5 exd5 4. cxd5 Nf6 5. Nc3 Nxd5 6. Nf3 Be7 7. Bc4 Nb6 8. Bb3 c5 9. O-O Nc6 10. Re1 O-O 11. a4 Na5 12. Bc2 c4 13. Ne5 Bf6 14. d4 cxd3 15. Nxd3 Be6 16. Qh5 g6 17. Qxa5 Re8 18. Bf4 Bd4 19. Rad1 Qf6 20. Bg3 Nc4 21. Qb4 a5 22. Qxb7 Ra7 23. Qf3 Qg7 24. Nb5 Rd7 25. Nxd4 Qxd4 26. b3 Na3 27. Ne5 Qb2 28. Nxd7 Nxc2 29. Nf6+ Kf8 30. Bd6+ Kg7 31. Nxe8+ 1-0


[Site "https://www.chess.com"]

[Event "Titled Tuesday Blitz August 08 Late 2023"]
[White "dorpato"]
[Black "Castella Garcia, Fausto"]
[BlackFideId "3501922"]
[WhiteElo "2044"]
[BlackElo "2343"]
[Result "1-0"]
[Round "3"]
[TimeControl "180+1"]
[Date "2023.08.08"]
[WhiteClock "0:00:10"]
[BlackClock "0:00:00"]
[Board "191"]

1. e4 c5 2. Nc3 Nc6 3. g3 g6 4. Bg2 Bg7 5. d3 d6 6. Be3 Nd4 7. Qd2 Qa5 8. Nge2 Nxe2 9. Kxe2 Nf6 10. h3 Nd7 11. Bh6 O-O 12. Bxg7 Kxg7 13. h4 h5 14. g4 Ne5 15. gxh5 Bg4+ 16. f3 Bxh5 17. Raf1 e6 18. Rhg1 Rad8 19. Bh3 Nc6 20. Bg4 Nd4+ 21. Ke3 Bxg4 22. Rxg4 f5 23. Rg5 fxe4 24. dxe4 Rf6 25. h5 Rdf8 26. Rxg6+ Rxg6 27. hxg6 Qd8 28. Qg2 Qh4 29. Ne2 Qh6+ 30. Kd3 c4+ 31. Kxd4 Qd2+ 32. Kxc4 Rc8+ 33. Kb3 Qxc2+ 34. Ka3 Qc5+ 35. b4 Qe3+ 36. Kb2 Qd2+ 37. Kb3 Qc2+ 38. Ka3 b5 39. Rc1 Qa4+ 40. Kb2 Qxb4+ 41. Ka1 Rc4 42. Rxc4 bxc4 43. Nc1 Qc3+ 44. Qb2 Qxb2+ 45. Kxb2 Kxg6 46. Kc3 Kg5 47. Kxc4 Kf4 48. Kd4 Kxf3 49. Nd3 e5+ 50. Nxe5+ dxe5+ 51. Kxe5 1-0


[Site "https://www.chess.com"]

[Event "Titled Tuesday Blitz August 08 Late 2023"]
[White "Mazibuko, Khanya"]
[Black "Blackwhite017"]
[WhiteFideId "14321041"]
[WhiteElo "2341"]
[BlackElo "2027"]
[Result "1-0"]
[Round "3"]
[TimeControl "180+1"]
[Date "2023.08.08"]
[WhiteClock "0:02:05"]
[BlackClock "0:00:00"]
[Board "192"]

1. e4 c5 2. Nf3 d6 3. Bb5+ Nd7 4. d4 cxd4 5. Qxd4 a6 6. Bxd7+ Bxd7 7. Nc3 Nf6 8. Bg5 h6 9. Bh4 g5 10. Bg3 Bg7 11. O-O-O Nh5 12. Qd3 Nxg3 13. hxg3 Rc8 14. e5 dxe5 15. Rhe1 Be6 16. Qe4 Qc7 17. Nxe5 Bxe5 18. Qxe5 Qxe5 19. Rxe5 Rd8 20. Rh1 Bg4 21. Rxg5 1-0


[Site "https://www.chess.com"]